 Dungeon Crawl Stone Soup version 0.24.0-10-g970556be89 (webtiles) character file.

Game seed: 6502327596625293231, levelgen mode: deterministic

3187126 Amplified the Slayer (level 27, 238/238 HPs)
             Began as a Human Abyssal Knight on Nov 3, 2019.
             Was the Champion of Lugonu.
             Escaped with the Orb
             ... and 5 runes on Nov 4, 2019!
             The game lasted 02:51:37 (70035 turns).

Amplified the Slayer (Human Abyssal Knight)        Turns: 70035, Time: 02:51:38

Health: 238/238    AC: 29    Str: 26    XL:     27
Magic:  40/40      EV: 22    Int: 24    God:    Lugonu [******]
Gold:   4274       SH: 14    Dex: 24    Spells: 20/52 levels left

rFire    + + .     SeeInvis .   m - +10 demon trident of Zutsoqoabi {venom, Int+7}
rCold    + + +     Gourm    .   G - +3 buckler {reflect}
rNeg     + + +     Faith    +   a - +8 plate armour "Qyihob" {rN+ Dex+5}
rPois    +         Spirit   .   Y - -2 hat of the Alchemist {rElec rPois rF+ rC+ rN+ MR+ rMut rCorr}
rElec    +         Reflect  +   w - +0 cloak "Dyodimust" {rF++ Regen+ Dex+2}
rCorr    +         Harm     .   r - +2 pair of gloves
rMut     +                      R - +2 pair of boots
MR       ++++.                  P - amulet "Arannin" {Faith rF- rN+ MR+ Int+3}
Stlth    ..........             p - ring "Zuode" {rElec rPois rC+ Str+4 Dex+2}
HPRegen  0.89/turn              M - ring of resist corrosion
MPRegen  0.27/turn

@: studying Evocations, deflect missiles
A: large bone plates 1, clumsy 1, cold resistance 2, deformed body, shaggy fur
1, electricity resistance, strong 1
0: Orb of Zot
}: 5/15 runes: decaying, serpentine, slimy, silver, abyssal
a: Depart the Abyss, Bend Space, Banish, Corrupt, Enter the Abyss, Renounce
Religion


You escaped.
You worshipped Lugonu.
Lugonu was exalted by your worship.
You were not hungry.

You visited 11 branches of the dungeon, and saw 57 of its levels.
You visited the Abyss 5 times.
You visited 1 ziggurat, and saw 6 of its levels.
You also visited: Trove.

You collected 10057 gold pieces.
You spent 5783 gold pieces at shops.

Inventory:

Hand Weapons
 d - the +9 battleaxe "Gecuon" {vamp, rF+ Int+2 Dex+2}
   (You took it off a deep elf demonologist on level 3 of the Elven Halls)

   It inflicts no extra harm, but heals its wielder when it wounds a living foe.
   It affects your intelligence (+2).
   It affects your dexterity (+2).
   It protects you from fire.
 e - a +9 bardiche of chopping
 m - the +10 demon trident of Zutsoqoabi (weapon) {venom, Int+7}
   (You acquired it on level 1 of the Abyss)

   It poisons the flesh of those it strikes.
   It affects your intelligence (+7).
Missiles
 j - 188 poisoned darts (quivered)
Armour
 a - the +8 plate armour "Qyihob" (worn) {rN+ Dex+5}
   (You found it on level 5 of the Pits of Slime)

   It affects your dexterity (+5).
   It protects you from negative energy.
 n - the +0 hat of Liabownu {rPois Regen+ Int-5 Slay+3}
   (You found it on level 14 of the Dungeon)

   It affects your intelligence (-5).
   It affects your accuracy and damage with ranged weapons and melee attacks
   (+3).
   It protects you from poison.
   It increases your rate of regeneration.
 r - a +2 pair of gloves (worn)
 u - the +6 ring mail "Himpeu" {*Contam Str+4 Slay+4}
   (You found it on level 4 of the Dungeon)

   It affects your strength (+4).
   It affects your accuracy and damage with ranged weapons and melee attacks
   (+4).
   It causes magical contamination when unequipped.
 w - the +0 cloak "Dyodimust" (worn) {rF++ Regen+ Dex+2}
   (You found it on level 3 of the Elven Halls)

   It affects your dexterity (+2).
   It greatly protects you from fire.
   It increases your rate of regeneration.
 z - the +0 helmet "Ommullola" {rF+ Dex+4}
   (You found it on level 5 of the Vaults)

   It affects your dexterity (+4).
   It protects you from fire.
 G - a +3 buckler of reflection (worn)
 L - the +0 pair of boots of Context {-Tele rCorr Int+3 Dex+2}
   (You found it on level 3 of the Snake Pit)

   It affects your intelligence (+3).
   It affects your dexterity (+2).
   It prevents most forms of teleportation.
   It provides partial protection from all sources of acid and corrosion.
 R - a +2 pair of boots (worn)
 U - the +1 scale mail of Ifuem {rElec rF+ Int+5 Stlth+}
   (You found it on level 3 of the Elven Halls)

   It affects your intelligence (+5).
   It protects you from fire.
   It insulates you from electricity.
   It makes you more stealthy.
 V - the +0 hat "Anei" {rPois MR+ Stlth+}
   (You found it on level 1 of the Snake Pit)

   It protects you from poison.
   It affects your resistance to hostile enchantments.
   It makes you more stealthy.
 Y - the -2 hat of the Alchemist (worn) {rElec rPois rF+ rC+ rN+ MR+ rMut rCorr}
   (You found it on level 5 of the Pits of Slime)

   It protects you from fire.
   It protects you from cold.
   It insulates you from electricity.
   It protects you from poison.
   It protects you from negative energy.
   It affects your resistance to hostile enchantments.
   It provides partial protection from all sources of acid and corrosion.
   It protects you from mutation.
Jewellery
 g - the ring "Nomesih" {rElec rN+}
   (You took it off a death knight on level 3 of the Crypt)

   [ring of positive energy]

   It insulates you from electricity.
   It protects you from negative energy.
 p - the ring "Zuode" (left hand) {rElec rPois rC+ Str+4 Dex+2}
   (You bought it in a shop on level 13 of the Dungeon)

   [ring of strength]

   It affects your strength (+4).
   It affects your dexterity (+2).
   It protects you from cold.
   It insulates you from electricity.
   It protects you from poison.
 M - a ring of resist corrosion (right hand)
 P - the amulet "Arannin" (around neck) {Faith rF- rN+ MR+ Int+3}
   (You found it on level 4 of the Swamp)

   [amulet of faith]

   It allows you to gain divine favour quickly.
   It affects your intelligence (+3).
   It makes you vulnerable to fire.
   It protects you from negative energy.
   It affects your resistance to hostile enchantments.
Wands
 q - a wand of acid (7)
 s - a wand of scattershot (15)
 A - a wand of digging (10)
 D - a wand of paralysis (14)
Scrolls
 i - 29 scrolls of remove curse
 v - a scroll of enchant weapon
 y - 9 scrolls of amnesia
 E - 3 scrolls of brand weapon
 F - a scroll of teleportation
 H - 12 scrolls of identify
 J - 3 scrolls of fog
 K - 3 scrolls of blinking
 N - 6 scrolls of fear
Potions
 f - 2 potions of brilliance
 h - 3 potions of magic
 k - 5 potions of ambrosia
 o - 3 potions of heal wounds
 t - 11 potions of flight
 B - 6 potions of curing
 C - 7 potions of mutation
 Z - 2 potions of cancellation
Books
 I - a manual of Evocations
Miscellaneous
 b - 5 phantom mirrors
 x - a fan of gales
 O - 3 sacks of spiders
 Q - a crystal ball of energy
 T - a lamp of fire
Comestibles
 c - 66 rations


   Skills:
 - Level 24.2 Fighting
 * Level 12.9(17.8) Axes
 - Level 20.0(21.1) Polearms
 - Level 18.1 Armour
 - Level 17.7 Dodging
 - Level 8.0 Shields
 - Level 13.4 Spellcasting
 - Level 5.0 Hexes
 - Level 11.0 Charms
 - Level 12.0 Necromancy
 - Level 12.6 Translocations
 - Level 9.7 Air Magic
 - Level 13.0 Invocations
 - Level 1.2 Evocations


You had 20 spell levels left.
You knew the following spells:

 Your Spells              Type           Power        Failure   Level  Hunger
a - Confusing Touch       Hex            #####.       2%          1    None
b - Blink                 Tloc           N/A          1%          2    None
c - Regeneration          Chrm/Necr      ######....   1%          3    None
d - Portal Projectile     Hex/Tloc       ######       1%          3    None
e - Spectral Weapon       Hex/Chrm       ######..     2%          3    None
f - Silence               Hex/Air        ######....   28%         5    ###....
g - Deflect Missiles      Chrm/Air       ######....   41%         6    #####..
h - Apportation           Tloc           ######       1%          1    None
i - Controlled Blink      Tloc           N/A          100%        8    #######

Your spell library contained the following spells:

 Spells                   Type           Power        Failure   Level  Hunger
 Animate Skeleton         Necr           N/A          1%          1    None
 Infusion                 Chrm           ####         1%          1    None
 Pain                     Necr           ####         1%          1    None
 Shroud of Golubria       Chrm/Tloc      ######       1%          2    None
 Song of Slaying          Chrm           ######..     1%          2    None
 Sublimation of Blood     Necr           ######....   1%          2    None
 Swiftness                Chrm/Air       ######..     1%          2    None
 Gell's Gravitas          Tloc           ######....   1%          3    None
 Vampiric Draining        Necr           ######....   1%          3    None
 Animate Dead             Necr           N/A          1%          4    None
 Corona                   Hex            #####..      2%          1    None
 Shock                    Conj/Air       ####         2%          1    None
 Airstrike                Air            ######....   3%          4    None
 Poisonous Vapours        Pois/Air       #####.       4%          2    None
 Slow                     Hex            #####...     4%          2    None
 Recall                   Summ/Tloc      N/A          4%          3    None
 Agony                    Necr           ######..     4%          5    ###....
 Dispel Undead            Necr           ######..     4%          5    ###....
 Ozocubu's Armour         Chrm/Ice       #####...     6%          3    None
 Confuse                  Hex            #####...     8%          3    None
 Tukima's Dance           Hex            #####...     8%          3    None
 Static Discharge         Conj/Air       #####...     9%          3    None
 Ensorcelled Hibernation  Hex/Ice        ####..       11%         2    None
 Mephitic Cloud           Conj/Pois/Air  ####....     16%         3    None
 Force Lance              Conj/Tloc      #####...     16%         4    None
 Dispersal                Tloc           ######....   19%         6    #####..
 Beastly Appendage        Tmut           ###...       21%         1    None
 Flame Tongue             Conj/Fire      ###..        21%         1    None
 Freeze                   Ice            ###.         21%         1    None
 Magic Dart               Conj           ###.         21%         1    None
 Sting                    Conj/Pois      ###.         21%         1    None
 Summon Butterflies       Summ           ###.....     21%         1    None
 Summon Small Mammal      Summ           ###.         21%         1    None
 Dazzling Spray           Conj/Hex       ####..       22%         3    None
 Inner Flame              Hex/Fire       ####....     22%         3    None
 Summon Guardian Golem    Hex/Summ       ####....     22%         3    None
 Death Channel            Necr           ######....   22%         6    #####..
 Cause Fear               Hex            #####.....   26%         4    None
 Summon Lightning Spire   Summ/Air       #####...     28%         4    None
 Call Imp                 Summ           ###.....     30%         2    None
 Searing Ray              Conj           ###...       30%         2    None
 Sticks to Snakes         Tmut           ###.....     30%         2    None
 Throw Flame              Conj/Fire      ###...       30%         2    None
 Throw Frost              Conj/Ice       ###...       30%         2    None
 Summon Forest            Summ/Tloc      #####.....   41%         5    ###....
 Bolt of Draining         Conj/Necr      #####.....   43%         5    ###....
 Borgnjor's Vile Clutch   Necr/Erth      #####.....   43%         5    ###....
 Call Canine Familiar     Summ           ###.....     52%         3    None
 Conjure Flame            Conj/Fire      ###.....     52%         3    None
 Ignite Poison            Fire/Tmut/Pois ###.....     52%         3    None
 Spider Form              Tmut/Pois      ###.......   52%         3    None
 Iskenderun's Battlesphe  Conj/Chrm      #####...     52%         5    ###....
 Fulminant Prism          Conj/Hex       ####......   58%         4    None
 Leda's Liquefaction      Hex/Erth       ####......   58%         4    None
 Lightning Bolt           Conj/Air       #####.....   61%         5    ###....
 Ice Form                 Ice/Tmut       ###.....     90%         4    None
 Iskenderun's Mystic Bla  Conj           ###.....     90%         4    None
 Olgreb's Toxic Radiance  Pois           ###.....     90%         4    None
 Petrify                  Tmut/Erth      ###.....     90%         4    None
 Summon Ice Beast         Ice/Summ       ###.....     90%         4    None
 Throw Icicle             Conj/Ice       ###.....     90%         4    None
 Metabolic Englaciation   Hex/Ice        ####......   90%         5    ###....
 Summon Mana Viper        Hex/Summ       ####....     90%         5    ###....
 Yara's Violent Unravell  Hex/Tmut       ####......   90%         5    ###....
 Simulacrum               Ice/Necr       #####.....   95%         6    #####..
 Alistair's Intoxication  Tmut/Pois      ###.....     99%         5    ###....
 Aura of Abjuration       Summ           ###.......   99%         5    ###....
 Blade Hands              Tmut           ###.......   99%         5    ###....
 Bolt of Magma            Conj/Fire/Erth ###.......   99%         5    ###....
 Fireball                 Conj/Fire      ###.......   99%         5    ###....
 Irradiate                Conj/Tmut      ###.......   99%         5    ###....
 Summon Demon             Summ           ###.......   99%         5    ###....
 Venom Bolt               Conj/Pois      ###.......   99%         5    ###....
 Conjure Ball Lightning   Conj/Air       #####.....   99%         6    #####..
 Bolt of Cold             Conj/Ice       ###.......   100%        6    #####..
 Bolt of Fire             Conj/Fire      ###.......   100%        6    #####..
 Freezing Cloud           Conj/Ice/Air   ####......   100%        6    #####..
 Hydra Form               Tmut           ###.......   100%        6    #####..
 Iron Shot                Conj/Erth      ###.......   100%        6    #####..
 Ozocubu's Refrigeration  Ice            ###.......   100%        6    #####..
 Poison Arrow             Conj/Pois      ###.......   100%        6    #####..
 Statue Form              Tmut/Erth      ###......    100%        6    #####..
 Dragon Form              Tmut           ###.......   100%        7    ######.
 Haunt                    Necr/Summ      #####.....   100%        7    ######.
 Malign Gateway           Summ/Tloc      #####.....   100%        7    ######.
 Orb of Destruction       Conj           ###.......   100%        7    ######.
 Ring of Flames           Chrm/Fire      #####.....   100%        7    ######.
 Spellforged Servitor     Conj/Summ      ###.......   100%        7    ######.
 Summon Hydra             Summ           ###.......   100%        7    ######.
 Borgnjor's Revivificati  Necr           ######....   100%        8    #######
 Chain Lightning          Conj/Air       #####.....   100%        8    #######
 Death's Door             Chrm/Necr      ######....   100%        8    #######
 Discord                  Hex            #####.....   100%        8    #######
 Disjunction              Tloc           ######....   100%        8    #######
 Ignition                 Fire           ###.......   100%        8    #######
 Infestation              Necr           ######....   100%        8    #######
 Lehudib's Crystal Spear  Conj/Erth      ###.......   100%        8    #######
 Necromutation            Tmut/Necr      #####.....   100%        8    #######
 Dragon's Call            Summ           ###.......   100%        9    #######
 Fire Storm               Conj/Fire      ###.......   100%        9    #######
 Glaciate                 Conj/Ice       ###.......   100%        9    #######
 Tornado                  Air            ######....   100%        9    #######


Dungeon Overview and Level Annotations

Branches:
Dungeon (15/15)            Temple (0/1) D:6            Lair (6/6) D:10
  Swamp (4/4) Lair:4        Snake (4/4) Lair:4        Slime (5/5) Lair:5
    Orc (2/2) D:10            Elf (3/3) Orc:2        Vaults (5/5) D:13
  Crypt (3/3) Vaults:2       Tomb (0/3) Crypt:3      Depths (5/5) D:15
    Zot (5/5) Depths:5

Altars:
Cheibriados
Fedhas
Gozag
Kikubaaqudgha
Makhleb
Okawaru
Ru
Sif Muna
Wu Jian
Xom
Yredelemnul
Beogh
Jiyva

Shops:
D:13 [%=!   Orc:2 :(?[   Elf:3 **   Snake:3 =}=   Vaults:1 *   Vaults:2 (
Vaults:3 =   Depths:4 [

Portals:
Hell: Depths:1 Depths:2 Depths:3 Depths:4 Depths:5
Abyss: Depths:2 Depths:4
Pandemonium: Depths:1 Depths:3 Depths:4 Depths:5

Annotations:
D:13 Get resring
D:15 3 runed translucent doors, Giaff's ghost, journeyman DsGl
Snake:4 corrupted
Elf:2 corrupted, 2 runed translucent doors
Vaults:4 Get rN+++, Crypt, Spells online, Swamp, Depths, Rest.
Depths:4 Get full rN+ and MR+
Zot:5 corrupted


Innate Abilities, Weirdness & Mutations

You are partially covered in large bone plates. (SH +4)
You are clumsy. (Dex -2)
Your flesh is very cold resistant. (rC++)
Armour fits poorly on your strangely shaped body.
You are covered in fur. (AC +1)
You are resistant to electric shocks. (rElec)
Your muscles are strong. (Str +2)


Message History

There is an open door here.
There is an open door here.
You see here a bat skeleton.
Magic restored.
There is an open door here.
There is a stone staircase leading up here.
You climb upwards.
There is a stone staircase leading down here.
There is a stone staircase leading up here.
You climb upwards.
There is a stone staircase leading down here.
As you read the scroll of teleportation, it crumbles to dust.
You feel strangely unstable.
You feel the Orb delaying your translocation!
You start waiting.
Your surroundings suddenly seem different.
There is an open door here.
There is an open door here.
There is a staircase leading out of the dungeon here.
You have escaped!

.##.......######'### #..##.#
.##.......####.....#####..##.#
.##..........#.....#...#..##.#
.##.......##.'..⌠..'.8.#..##†#
.#######.#####.....#...#..##.#
.........# #.....#####..##.#
.....##### ###'### #..##.####
####.# #...# ########.#... #.#
#.@.# #.# #..... #.# #...#
#.########... #.# #####
#............ #.#
####.#####....## #.#
#........'....## #.#
#.......##....#. #.#
#......###....#. #.# #......#
#....#. ####.####### #......#
#....#.


There were no monsters in sight!

Vanquished Creatures
  the Royal Jelly (Slime:5)
  3 ancient liches (Zot:5)
  An orb of fire (Zot:5)
  Mennas (Vaults:5)
  Frederick (Depths:5)
  Margery (Vaults:5)
  Saint Roka (Snake:3)
  8 caustic shrikes
  A curse toe (Zot:3)
  4 golden dragons
  the Enchantress (Depths:3)
  A profane servitor (Crypt:3)
  2 bone dragons
  2 electric golems
  17 tentacled monstrosities
  Asterion (Snake:3)
  4 quicksilver dragons
  2 deep elf blademasters (Elf:3)
  27 Orb Guardians
  3 titans (Vaults:5)
  9 acid blobs (Slime:5)
  3 liches
  2 deep elf master archers (Elf:3)
  A death cob (Zot:1)
  9 tentacled starspawn
  An Executioner (D:15)
  7 sphinxes
  Gastronok (Lair:3)
  The ghost of wjtupper the Warrior, an adept MiHu of Okawaru (Snake:3)
  11 shadow dragons
  4 revenants
  4 thorn hunters
  Roxanne (Swamp:4)
  4 draconian monks
  9 frost giants
  5 tengu reavers
  Donald (Swamp:4)
  2 nagarajas (Snake:3)
  6 azure jellies
  17 storm dragons
  6 fire giants
  An orc warlord (Zig:2)
  Aizul (Depths:2)
  5 draconian scorchers
  A daeva (Depths:3)
  12 deep elf sorcerers
  6 draconian knights
  15 vault wardens
  An iron dragon (Vaults:5)
  2 cacodemons (Abyss:3)
  2 curse skulls (Crypt:3)
  2 warmongers (D:15)
  The ghost of Jaliuk the Eclecticist, a journeyman DECj of Vehumet (D:14)
  4 deep elf elementalists
  9 ghouls (Crypt:3)
  7 draconian annihilators
  A draconian shifter (Zot:3)
  A reaper (Abyss:1)
  4 spriggan defenders
  13 ironheart preservers
  An entropy weaver (Vaults:4)
  7 green draconians
  20 stone giants
  A war gargoyle (Vaults:5)
  5 deep elf demonologists
  26 very ugly things
  8 vampire knights
  13 black draconians
  5 white draconians
  8 deep elf annihilators
  6 red draconians
  Azrael (Elf:1)
  2 yellow draconians
  3 lorocyprocas
  11 eidola
  7 purple draconians
  The ghost of pantherbaby the Spear-Bearer, a journeyman HOMo of Beogh (Lair:1)
  8 deep elf death magi
  3 spark wasps
  9 ettins
  A mummy priest (Crypt:3)
  2 green deaths (Snake:2)
  5 jiangshi (Crypt:1)
  Josephine (D:15)
  A crystal guardian (Vaults:3)
  8 fire dragons
  16 great orbs of eyes
  11 yaktaur captains
  A great orb of eyes (shapeshifter) (Abyss:1)
  9 death oozes (Slime:5)
  A quicksilver dragon zombie (Crypt:3)
  28 vault guards
  8 deep elf high priests
  8 rakshasas
  15 ice dragons
  A ghost crab (Swamp:4)
  5 naga warriors
  3 catoblepae
  15 hydras
  A hydra (shapeshifter) (Depths:3)
  4 spriggan air magi
  14 centaur warriors
  A shambling mangrove (Swamp:2)
  5 satyrs (Depths:3)
  7 anacondas
  6 death knights
  12 dancing weapons
  A hell hog (Abyss:3)
  23 ogre magi
  46 two-headed ogres
  16 death yaks
  7 deep troll shamans
  13 alligators
  Urug (Lair:3)
  2 sun demons
  7 vampire magi
  2 orc high priests
  4 naga sharpshooters (Snake:2)
  8 tengu warriors
  6 deep troll earth magi
  A storm dragon zombie (Crypt:1)
  11 thrashing horrors
  5 spriggan berserkers
  2 wretched stars
  8 deep elf knights
  A fire crab (shapeshifter) (Vaults:4)
  3 shock serpents
  2 iron trolls (Depths:3)
  11 skeletal warriors (Crypt:3)
  A salamander mystic (Depths:2)
  A shadow wraith (Vaults:4)
  An iron troll (shapeshifter) (Zig:1)
  2 sixfirhies (Abyss:3)
  A spatial maelstrom (Abyss:3)
  14 hell knights
  A ghost moth zombie (Abyss:1)
  A sea snake (shapeshifter) (Depths:1)
  An anaconda zombie (Crypt:1)
  31 starcursed masses
  An infernal demonspawn (Depths:4)
  A spriggan druid (Swamp:2)
  3 flayed ghosts
  8 glowing orange brains
  A golden dragon zombie (Crypt:3)
  2 swamp dragons (shapeshifter)
  16 unseen horrors
  9 wizards
  A swamp dragon (Swamp:2)
  An obsidian statue (Snake:3)
  12 deep elf archers
  25 deep trolls
  7 necromancers
  A tengu zombie (Vaults:4)
  7 ironbrand convokers
  9 naga ritualists
  24 phantasmal warriors
  An orb spider (shapeshifter) (Depths:1)
  A lindwurm (Lair:4)
  2 human zombies
  4 mana vipers
  43 deep elf magi
  6 harpies (Vaults:1)
  20 orc knights
  An orb spider (Zig:5)
  2 wolf spiders
  5 fauns (Depths:3)
  41 ugly things
  A faun (shapeshifter) (D:14)
  4 orc sorcerers
  2 shining eyes
  2 iron dragon zombies
  A wolf spider (shapeshifter) (Zig:6)
  5 cyclopes
  3 manticores
  A frost giant zombie (Crypt:3)
  2 fire giant zombies
  A stone giant zombie (Crypt:3)
  A salamander (shapeshifter) (Vaults:4)
  9 salamanders
  24 black mambas
  15 vault sentinels
  2 water nymphs (Depths:3)
  A centaur zombie (D:14)
  A guardian serpent (Snake:1)
  10 moths of wrath
  An elephant (shapeshifter) (Depths:2)
  A rust devil (Abyss:3)
  15 naga magi
  16 elephants
  A fire giant skeleton (Vaults:4)
  Maurice (D:10)
  An orange demon (Abyss:3)
  A shock serpent zombie (Crypt:3)
  An eye of devastation (shapeshifter) (Depths:3)
  2 eyes of devastation
  2 molten gargoyles (D:12)
  Psyche (D:11)
  A spiny frog (shapeshifter) (Elf:2)
  A torpor snail (Zig:5)
  7 smoke demons
  A rime drake (shapeshifter) (Depths:1)
  3 gargoyles
  9 spiny frogs
  4 hellions
  A komodo dragon (shapeshifter) (D:14)
  An efreet (D:12)
  3 kobold demonologists
  An ice devil (Depths:4)
  An emperor scorpion zombie (Crypt:3)
  3 komodo dragons
  2 red devils
  53 yaktaurs
  2 hellwings
  16 freezing wraiths
  4 ancient zymes (Abyss:3)
  A human skeleton (Vaults:2)
  A hydra zombie (Crypt:3)
  A red draconian skeleton (Crypt:1)
  A harpy zombie (Crypt:3)
  A merfolk (shapeshifter) (Vaults:5)
  4 tengu conjurers
  A yellow draconian skeleton (Crypt:1)
  2 jumping spiders
  A meliai (shapeshifter) (D:14)
  12 trolls
  5 tyrant leeches
  A troll (shapeshifter) (Abyss:3)
  67 slime creatures
  21 blink frogs
  A tyrant leech (shapeshifter) (Depths:1)
  A wind drake (shapeshifter) (Vaults:1)
  17 hornets
  A hydra skeleton (Abyss:3)
  2 polar bears (Lair:6)
  8 bog bodies
  5 dream sheep (Lair:6)
  6 hippogriffs
  3 ettin zombies
  An ice dragon zombie (Crypt:3)
  A stone giant simulacrum (Abyss:3)
  A hippogriff (shapeshifter) (Vaults:5)
  2 fire dragon zombies (Crypt:3)
  16 raiju
  A shock serpent simulacrum (Crypt:1)
  An alligator skeleton (Crypt:1)
  2 fire dragon skeletons
  3 water elementals
  Sigmund (D:5)
  4 redbacks
  A redback (shapeshifter) (Depths:5)
  A dire elephant simulacrum (Abyss:5)
  A flying skull (Abyss:3)
  2 ynoxinuls
  A spriggan (shapeshifter) (D:15)
  4 air elementals
  3 shadows
  2 tarantellas (shapeshifter)
  14 wraiths
  30 spriggans
  A hungry ghost (D:12)
  A wyvern (shapeshifter) (Depths:1)
  52 yaks
  A vampire (D:14)
  14 large abominations
  A wyvern (D:13)
  2 ushabtiu (Crypt:3)
  4 golden eyes (Zot:1)
  2 golden eyes (shapeshifter)
  4 basilisks
  A hog (D:6)
  13 neqoxecs
  A fire elemental (Elf:1)
  A basilisk (shapeshifter) (Vaults:2)
  4 chaos spawn
  5 swamp worm simulacra (Swamp:4)
  17 vampire mosquitoes
  Menkaure (D:4)
  A human simulacrum (Vaults:2)
  6 soldier ants
  9 wargs
  2 acid dragons (Vaults:1)
  34 nagas
  8 insubstantial wisps
  11 water moccasins
  2 swamp worms (shapeshifter)
  17 swamp worms
  14 hydra simulacra (Swamp:4)
  An acid dragon (shapeshifter) (D:14)
  A water moccasin (shapeshifter) (Depths:4)
  A floating eye (Depths:3)
  8 porcupines
  5 hell hounds
  A deep troll skeleton (Vaults:2)
  4 ice beasts
  6 swamp drakes
  3 sky beasts
  2 black bears
  A dream sheep zombie (Crypt:1)
  3 eyes of draining
  59 orc warriors
  30 ogres
  4 phantoms
  12 boggarts
  12 necrophages (Crypt:3)
  11 centaurs
  A wolf (shapeshifter) (D:14)
  5 wolves
  5 crocodiles
  3 big kobolds
  An elf zombie (Abyss:3)
  Blork the orc (D:5)
  A draconian skeleton (Crypt:1)
  A wyvern zombie (D:8)
  20 bullfrogs
  10 small abominations
  3 earth elementals
  12 wyvern skeletons
  2 scorpions
  A raiju zombie (Crypt:1)
  19 killer bees
  11 wights
  4 howler monkeys
  A bullfrog zombie (D:9)
  5 lava snakes (D:12)
  8 crimson imps
  3 jellies
  3 quasits
  12 orc priests
  A bullfrog skeleton (D:9)
  7 hounds
  2 iron imps
  5 centaur skeletons
  Ijyb (D:4)
  7 iguanas
  15 orc wizards
  16 worker ants
  A killer bee zombie (D:8)
  A hound skeleton (D:2)
  A mummy (Crypt:3)
  A worker ant zombie (D:11)
  7 gnolls
  14 adders
  3 shadow imps
  A white imp (Depths:4)
  An ufetubus (Depths:4)
  An ooze (D:1)
  3 swamp drake simulacra (Swamp:4)
  2 adder zombies
  A lava snake zombie (Crypt:1)
  4 dart slugs
  3 leopard geckos
  100 orcs
  A bat zombie (D:7)
  5 giant cockroaches
  3 goblins
  13 hobgoblins
  13 jackals
  11 kobolds
  4 quokkas
  2 ball pythons
  8 bats
  7 frilled lizards
  12 rats
  3 rat zombies (D:7)
  3 briar patches
  A crawling corpse (Elf:3)
  A fungus (Lair:3)
  A lurking horror (Abyss:4)
  6 starspawn tentacles (Abyss:1)
  3 withered plants (Crypt:3)
2412 creatures vanquished.

Vanquished Creatures (collateral kills)
  A death ooze (Slime:5)
1 creature vanquished.

Vanquished Creatures (others)
  An orb of fire (Zot:5)
  An ancient lich (Zot:5)
  3 Killer Klowns (Zig:6)
  A caustic shrike (Depths:4)
  Nikola (Elf:2)
  2 Orb Guardians (Zot:5)
  A tentacled monstrosity (Zot:5)
  5 nagarajas (Snake:4)
  2 ghost moths
  A balrug (Zig:6)
  A deep elf death mage (Elf:2)
  2 ogre magi
  A deep troll earth mage (Depths:3)
  4 naga sharpshooters (Snake:4)
  2 dancing weapons (Elf:2)
  A shock serpent (Snake:4)
  2 deep elf knights (Elf:2)
  2 naga ritualists (Snake:4)
  A deep elf archer (Elf:2)
  4 deep elf magi (Elf:2)
  2 black mambas
  9 naga magi (Snake:4)
  An apocalypse crab (Zig:6)
  A yaktaur (Vaults:5)
  A blink frog (Swamp:4)
  A chaos spawn (Zig:6)
  25 nagas (Snake:4)
  An ogre (D:7)
  7 briar patches
  2 fungi
  A lurking horror (Abyss:4)
  117 plants
  34 spectral weapons
  25 starspawn tentacles
265 creatures vanquished.

Grand Total: 2678 creatures vanquished

Notes
Turn   | Place    | Note
-------+----------+-------------------------------------------
     0 | Abyss:1  | Amplified the Human Abyssal Knight began the quest for the
                  | Orb.
     0 | Abyss:1  | Reached XP level 1. HP: 18/18 MP: 2/2
    26 | Abyss:1  | Found an opulent altar of Gozag.
    97 | Abyss:1  | Found a corrupted altar of Lugonu.
   133 | Abyss:1  | Noticed an ancient zyme
   134 | Abyss:1  | Found a transporter.
   134 | Abyss:1  | Noticed a mana viper
   134 | Abyss:1  | Noticed a ynoxinul
   134 | Abyss:1  | Noticed a merfolk
   134 | Abyss:1  | Noticed a wretched star
   134 | Abyss:1  | Noticed a floating eye
   134 | Abyss:1  | a merfolk changed into a floating eye
   134 | Abyss:1  | Noticed a tormentor
   134 | Abyss:1  | Noticed a tentacled monstrosity
   135 | Abyss:1  | Found a corrupted altar of Lugonu.
   135 | Abyss:1  | Noticed a redback
   135 | Abyss:1  | Noticed a small abomination
   135 | Abyss:1  | Noticed a two-headed ogre
   135 | Abyss:1  | a floating eye changed into a two-headed ogre
   135 | Abyss:1  | Noticed a quasit
   135 | Abyss:1  | Noticed a tentacled monstrosity
   136 | Abyss:1  | Noticed a starcursed mass
   136 | Abyss:1  | Noticed a wretched star
   137 | Abyss:1  | Noticed an ettin
   138 | Abyss:1  | Noticed a water nymph
   138 | Abyss:1  | a two-headed ogre changed into a water nymph
   194 | Abyss:1  | Noticed a small abomination
   195 | D:1      | Escaped the Abyss
   372 | D:1      | Reached XP level 2. HP: 19/24 MP: 3/3
   443 | D:1      | Reached skill level 7 in Fighting
   443 | D:1      | Reached XP level 3. HP: 36/36 MP: 4/4
   444 | D:1      | Reached skill level 9 in Fighting
   444 | D:1      | Reached XP level 4. HP: 46/46 MP: 5/5
   502 | D:1      | Reached * piety under Lugonu
  1186 | D:1      | Reached XP level 5. HP: 52/52 MP: 6/6
  1625 | D:2      | Reached ** piety under Lugonu
  2458 | D:4      | Reached XP level 6. HP: 48/59 MP: 7/7
  2525 | D:4      | Got a dazzling ring mail
  2537 | D:4      | Identified the +6 ring mail "Himpeu" {*Contam Str+4 Slay+4}
                  | (You found it on level 4 of the Dungeon)
  2552 | D:4      | Found a snail-covered altar of Cheibriados.
  2565 | D:4      | Noticed Ijyb
  2611 | D:4      | Killed Ijyb
  2769 | D:4      | Noticed a phantom
  2782 | D:4      | Killed a phantom
  2799 | D:4      | Noticed Menkaure
  2815 | D:4      | Reached XP level 7. HP: 65/65 MP: 8/8
  2820 | D:4      | Killed Menkaure
  3148 | D:5      | Entered Level 5 of the Dungeon
  3154 | D:5      | Reached skill level 10 in Fighting
  3168 | D:5      | Noticed a water moccasin
  3168 | D:5      | Noticed a water moccasin
  3169 | D:5      | Noticed a soldier ant
  3170 | D:5      | Found a runed translucent gate.
  3170 | D:5      | Found a runed translucent gate.
  3170 | D:5      | Found a runed translucent door.
  3170 | D:5      | Noticed a soldier ant
  3177 | D:5      | Found a runed translucent gate.
  3179 | D:5      | Noticed a soldier ant
  3179 | D:5      | Noticed a soldier ant
  3185 | D:5      | Found a runed translucent door.
  3191 | D:5      | Noticed a soldier ant
  3295 | D:5      | Found the +9 staff of Olgreb {rPois}
  3333 | D:5      | Noticed Blork the orc
  3348 | D:5      | Killed Blork the orc
  3348 | D:5      | Reached XP level 8. HP: 63/72 MP: 9/9
  3452 | D:5      | Noticed Sigmund
  3470 | D:5      | Killed Sigmund
  3470 | D:5      | Reached skill level 10 in Polearms
  3720 | D:6      | Reached *** piety under Lugonu
  4128 | D:6      | Found a staircase to the Ecumenical Temple.
  4186 | D:7      | Noticed Pikel
  4198 | D:6      | Noticed Pikel
  4198 | D:6      | Pikel changed into Pikel the hog
  4206 | D:6      | Killed Pikel the hog
  4206 | D:6      | Reached XP level 9. HP: 67/79 MP: 10/10
  4274 | D:7      | Identified the Volume of the Supportive Arsonist
  4287 | D:7      | Found a burning altar of Makhleb.
  4433 | D:7      | Found an ancient bone altar of Kikubaaqudgha.
  4733 | D:8      | Found an ornate altar of the Wu Jian Council.
  4870 | D:8      | Found a blossoming altar of Fedhas.
  5000 | D:8      | Found a shimmering altar of Xom.
  5157 | D:8      | Found a flagged portal.
  5905 | D:9      | Reached XP level 10. HP: 60/86 MP: 11/11
  6085 | D:9      | Found a sacrificial altar of Ru.
  6290 | D:9      | Reached **** piety under Lugonu
  6793 | D:10     | Entered Level 10 of the Dungeon
  6938 | D:10     | Noticed Maurice
  6951 | D:10     | Killed Maurice
  7058 | D:10     | Reached skill level 11 in Fighting
  7120 | D:10     | Found a staircase to the Lair.
  7120 | D:10     | Noticed an elephant
  7121 | D:10     | Noticed a cyclops
  7154 | D:10     | Killed an elephant
  7207 | D:10     | Killed a cyclops
  7207 | D:10     | Reached XP level 11. HP: 64/93 MP: 12/12
  7453 | D:10     | Found a staircase to the Orcish Mines.
  7625 | D:10     | Noticed a two-headed ogre
  7632 | D:10     | Killed a two-headed ogre
  7668 | D:10     | Noticed a five-headed hydra
  7675 | D:11     | Noticed a two-headed ogre
  7684 | D:11     | Noticed a two-headed ogre
  7685 | D:11     | Killed a two-headed ogre
  7685 | D:11     | Reached ***** piety under Lugonu
  7699 | D:11     | Killed a two-headed ogre
  7711 | D:11     | Noticed a cyclops
  7722 | D:11     | Killed a cyclops
  7851 | D:11     | Noticed a cyan ugly thing
  8236 | D:11     | Noticed an unseen horror
  8242 | D:11     | Killed an unseen horror
  8242 | D:11     | Reached XP level 12. HP: 94/101 MP: 13/13
  8255 | D:11     | Noticed a fire dragon
  8266 | D:11     | Killed a fire dragon
  8266 | D:11     | Reached skill level 5 in Armour
  8594 | D:11     | Noticed Psyche
  8599 | D:11     | Killed Psyche
  8685 | D:12     | Reached skill level 12 in Fighting
  8690 | D:12     | Reached skill level 5 in Dodging
  9022 | D:12     | Noticed a two-headed ogre
  9034 | D:12     | Killed a two-headed ogre
  9755 | D:13     | Found Qaorouc's Distillery.
  9759 | D:13     | Bought a potion of heal wounds for 60 gold pieces
  9759 | D:13     | Bought a potion of agility for 48 gold pieces
  9759 | D:13     | Bought a potion of brilliance for 48 gold pieces
  9759 | D:13     | Bought a potion of ambrosia for 96 gold pieces
  9759 | D:13     | Bought a potion of might for 48 gold pieces
  9759 | D:13     | Bought a potion of curing for 36 gold pieces
  9759 | D:13     | Bought a potion of agility for 48 gold pieces
  9759 | D:13     | Noticed a rakshasa
  9769 | D:13     | Killed a rakshasa
  9886 | D:13     | Found Guorr's Jewellery Shop.
  9892 | D:13     | Noticed a centaur warrior
  9900 | D:13     | Killed a centaur warrior
  9900 | D:13     | Reached XP level 13. HP: 109/109 MP: 16/16
  9927 | D:13     | Reached skill level 5 in Invocations
 10203 | D:13     | Reached skill level 15 in Polearms
 10212 | D:13     | Found Retoiqost's Food Shoppe.
 10232 | D:13     | Found a gate to the Vaults.
 10338 | D:13     | Found Xuzoupug's Antique Armour Shop.
 10346 | D:13     | Bought a glowing helmet for 262 gold pieces
 10690 | D:12     | Learned a level 1 spell: Confusing Touch
 10831 | D:12     | Reached ****** piety under Lugonu
 11047 | D:12     | Reached skill level 13 in Fighting
 11225 | D:10     | Killed a five-headed hydra
 11473 | Lair:1   | Entered Level 1 of the Lair of Beasts
 11674 | Lair:1   | Noticed a six-headed hydra
 11687 | Lair:1   | Killed a seven-headed hydra
 11827 | Lair:1   | Found a transporter.
 11832 | Lair:1   | Noticed pantherbaby's ghost (journeyman HOMo)
 12062 | Lair:1   | Found a transporter.
 12395 | Lair:2   | Noticed a six-headed hydra
 12528 | Lair:3   | Noticed Urug
 12712 | Lair:4   | Reached XP level 14. HP: 118/118 MP: 19/19
 13148 | Lair:4   | Found a staircase to the Swamp.
 13363 | Lair:4   | Found a staircase to the Snake Pit.
 14345 | Lair:5   | Reached skill level 14 in Fighting
 14701 | Lair:5   | Found a viscous altar of Jiyva.
 14702 | Lair:5   | Found a staircase to the Slime Pits.
 14844 | Lair:6   | Entered Level 6 of the Lair of Beasts
 15623 | Lair:6   | Reached XP level 15. HP: 89/126 MP: 20/20
 16383 | Lair:3   | Killed Urug
 16686 | Lair:3   | Noticed Gastronok
 16701 | Lair:3   | Killed Gastronok
 17930 | Lair:1   | Killed pantherbaby's ghost
 18077 | Orc:1    | Entered Level 1 of the Orcish Mines
 18210 | Orc:2    | Entered Level 2 of the Orcish Mines
 18829 | Orc:2    | Found a staircase to the Elven Halls.
 18898 | Orc:2    | Noticed a stone giant
 18909 | Orc:2    | Killed a stone giant
 19098 | Orc:2    | Found Fiaphacire's Antique Weapon Shop.
 19100 | Orc:2    | Found Qusem's Book Emporium.
 19189 | Orc:2    | Found a roughly hewn altar of Beogh.
 19215 | Orc:2    | Found Usocae's Magic Scroll Emporium.
 19252 | Orc:2    | Found Guxzonov's Armour Shop.
 19268 | Orc:2    | Reached XP level 16. HP: 81/133 MP: 21/21
 19543 | D:13     | Bought the ring "Zuode" {rElec rPois rC+ Str+4 Dex+2} for
                  | 902 gold pieces
 19936 | D:14     | Paralysed by a wizard for 2 turns
 20108 | D:14     | Found a runed translucent gate.
 20108 | D:14     | Found a runed translucent gate.
 20108 | D:14     | Found a runed translucent gate.
 20284 | D:15     | Entered Level 15 of the Dungeon
 20465 | D:15     | Found an opulent altar of Gozag.
 20707 | D:15     | Found a staircase to the Depths.
 20864 | D:15     | Noticed Josephine
 20896 | D:15     | Killed Josephine
 21179 | D:15     | Found a runed translucent gate.
 21180 | D:15     | Found a runed translucent gate.
 21181 | D:15     | Found a runed translucent gate.
 21187 | D:15     | Noticed Giaff's ghost (journeyman DsGl)
 21561 | D:14     | Identified a +4 bardiche of distortion (a +2 bardiche
                  | corrupted by Lugonu)
 21561 | D:14     | Received a gift from Lugonu
 21824 | Snake:1  | Entered Level 1 of the Snake Pit
 22550 | Snake:1  | Got a steaming hat
 22551 | Snake:1  | Identified the cursed +0 hat "Anei" {rPois MR+ Stlth+} (You
                  | found it on level 1 of the Snake Pit)
 23194 | Snake:2  | Reached XP level 17. HP: 113/140 MP: 22/22
 23792 | Snake:2  | Identified a scroll of acquirement
 24318 | Snake:2  | Found a runed translucent door.
 24844 | Snake:3  | Noticed Asterion
 24852 | Snake:3  | Killed Asterion
 24852 | Snake:3  | Reached skill level 10 in Armour
 24985 | Snake:3  | Noticed Saint Roka
 25028 | Snake:3  | Killed Saint Roka
 25028 | Snake:3  | Reached skill level 15 in Fighting
 25028 | Snake:3  | Reached skill level 10 in Dodging
 25889 | Snake:3  | Found a runed translucent gate.
 25889 | Snake:3  | Found an opulent altar of Gozag.
 25889 | Snake:3  | Found a runed translucent gate.
 25893 | Snake:3  | Found a runed translucent gate.
 25895 | Snake:3  | Noticed wjtupper's ghost (adept MiHu)
 25992 | Snake:3  | Killed wjtupper's ghost
 26161 | Snake:3  | Reached XP level 18. HP: 137/151 MP: 23/23
 26552 | Snake:3  | Found Quchief's Gadget Emporium.
 26553 | Snake:3  | Found Plog's Jewellery Shop.
 26553 | Snake:3  | Found Reyjaynt's Jewellery Shop.
 26633 | Snake:4  | Entered Level 4 of the Snake Pit
 27099 | Swamp:1  | Entered Level 1 of the Swamp
 27185 | Swamp:1  | Reached XP level 19. HP: 150/157 MP: 24/24
 27837 | Swamp:2  | Reached skill level 16 in Fighting
 28051 | Swamp:2  | Got a translucent leather armour
 30201 | Orc:2    | Bought 3 scrolls of acquirement for 2496 gold pieces
 30404 | Depths:1 | Entered Level 1 of the Depths
 30591 | Depths:1 | Found an iron altar of Okawaru.
 30922 | Depths:2 | Got a distressingly furry chain mail
 30947 | Depths:2 | Found a gateway to Hell.
 31296 | Elf:1    | Entered Level 1 of the Elven Halls
 31513 | Elf:1    | Noticed Azrael
 31530 | Elf:1    | Killed Azrael
 31762 | Elf:1    | Identified Vehumet's Compendium of Combat Magic
 31772 | Elf:1    | Identified the +1 leather armour of Lucidity {rF- rCorr
                  | Str-2 Int+10} (You found it on level 2 of the Swamp)
 32584 | Elf:2    | Reached XP level 20. HP: 45/166 MP: 17/25
 32884 | Elf:2    | Noticed Nikola
 32895 | Elf:2    | Corrupted Elf:2
 32900 | Elf:2    | Found a large runed translucent door.
 32901 | Elf:2    | Found a large runed translucent door.
 32903 | Elf:2    | Found a large runed translucent door.
 32904 | Elf:2    | Found a large runed translucent door.
 32914 | Elf:2    | Killed Nikola
 33013 | Abyss:1  | Got a jewelled demon trident
 33192 | Elf:2    | Escaped the Abyss
 33241 | Elf:2    | Identified the +10 demon trident of Zutsoqoabi {venom,
                  | Int+7} (You acquired it on level 1 of the Abyss)
 33557 | Swamp:4  | Entered Level 4 of the Swamp
 33589 | Swamp:4  | Learned a level 2 spell: Blink
 33605 | Swamp:4  | Identified Roxanne's Almanac of Changing
 33605 | Swamp:4  | Noticed Roxanne
 33635 | Swamp:3  | Reached skill level 1 in Necromancy
 33990 | Snake:4  | Reached skill level 1 in Shields
 33997 | Snake:4  | Corrupted Snake:4
 34011 | Snake:4  | Noticed a Hell Sentinel
 34053 | Snake:4  | Learned a level 3 spell: Regeneration
 34097 | Snake:4  | Got a serpentine rune of Zot
 34786 | Vaults:1 | Entered Level 1 of the Vaults
 35185 | Vaults:1 | Reached skill level 17 in Fighting
 35331 | Vaults:1 | Reached skill level 5 in Necromancy
 35682 | Vaults:1 | Found Piotaj's Assorted Antiques.
 35716 | Vaults:1 | Bought a scroll of fear for 147 gold pieces
 36046 | Vaults:1 | Reached skill level 5 in Shields
 36651 | Vaults:1 | Identified the +2 chain mail "Yfufus" {Str+3} (You acquired
                  | it on level 2 of the Depths)
 36782 | Vaults:2 | Reached XP level 21. HP: 129/175 MP: 26/26
 36793 | Vaults:2 | Found Xitaja Eleu's Weapon Emporium.
 37327 | Vaults:2 | Reached skill level 10 in Necromancy
 37507 | Vaults:2 | Found an ancient bone altar of Kikubaaqudgha.
 37519 | Vaults:2 | Found a staircase to the Crypt.
 37520 | Vaults:2 | Found a basalt altar of Yredelemnul.
 37913 | Vaults:2 | Reached skill level 18 in Fighting
 38532 | Vaults:3 | Reached skill level 1 in Spellcasting
 39650 | Vaults:3 | Found Poizurio's Jewellery Emporium.
 39867 | Vaults:4 | Reached XP level 22. HP: 178/185 MP: 23/27
 40353 | Vaults:4 | Paralysed by a sphinx for 3 turns
 41628 | Swamp:4  | Noticed Donald
 41648 | Swamp:4  | Killed Donald
 41966 | Swamp:4  | Got a flickering garnet amulet
 42087 | Swamp:4  | Identified the amulet "Arannin" {Faith rF- rN+ MR+ Int+3}
                  | (You found it on level 4 of the Swamp)
 42519 | Swamp:4  | Got a decaying rune of Zot
 42566 | Swamp:4  | Killed Roxanne
 43424 | D:14     | Found a runed translucent gate.
 43424 | D:14     | Found a runed translucent gate.
 43433 | D:14     | Found a runed translucent gate.
 43433 | D:14     | Noticed Jaliuk's ghost (journeyman DECj)
 43487 | D:14     | Killed Jaliuk's ghost
 43487 | D:14     | Reached skill level 19 in Fighting
 43535 | D:14     | Got a crude hat
 43552 | D:14     | Gained mutation: Armour fits poorly on your strangely
                  | shaped body. [mutagenic glow]
 43647 | D:14     | Gained mutation: You are frail. (-10% HP) [mutagenic glow]
 43748 | D:14     | Lost mutation: Armour fits poorly on your strangely shaped
                  | body. [potion of mutation]
 43748 | D:14     | Lost mutation: You are frail. (-10% HP) [potion of
                  | mutation]
 43748 | D:14     | Gained mutation: You occasionally shout uncontrollably at
                  | your foes. [potion of mutation]
 43748 | D:14     | Gained mutation: You are frail. (-10% HP) [potion of
                  | mutation]
 43748 | D:14     | Gained mutation: You do not regenerate when monsters are
                  | visible. [potion of mutation]
 43748 | D:14     | Gained mutation: You are partially covered in slimy green
                  | scales. (AC +2) [potion of mutation]
 43749 | D:14     | Lost mutation: You are frail. (-10% HP) [potion of
                  | mutation]
 43749 | D:14     | Lost mutation: You occasionally shout uncontrollably at
                  | your foes. [potion of mutation]
 43749 | D:14     | Lost mutation: You do not regenerate when monsters are
                  | visible. [potion of mutation]
 43749 | D:14     | Lost mutation: You are partially covered in slimy green
                  | scales. (AC +2) [potion of mutation]
 43749 | D:14     | Gained mutation: You are frail. (-10% HP) [potion of
                  | mutation]
 43749 | D:14     | Gained mutation: Your magical capacity is low. (-10% MP)
                  | [potion of mutation]
 43749 | D:14     | Gained mutation: You do not regenerate when monsters are
                  | visible. [potion of mutation]
 43749 | D:14     | Gained mutation: You are partially covered in large bone
                  | plates. (SH +4) [potion of mutation]
 43750 | D:14     | Lost mutation: Your magical capacity is low. (-10% MP)
                  | [potion of mutation]
 43750 | D:14     | Lost mutation: You are frail. (-10% HP) [potion of
                  | mutation]
 43750 | D:14     | Lost mutation: You do not regenerate when monsters are
                  | visible. [potion of mutation]
 43750 | D:14     | Gained mutation: You are resistant to electric shocks.
                  | (rElec) [potion of mutation]
 43750 | D:14     | Gained mutation: Your muscles are strong. (Str +2) [potion
                  | of mutation]
 43775 | D:14     | Identified the +0 hat of Liabownu {rPois Regen+ Int-5
                  | Slay+3} (You found it on level 14 of the Dungeon)
 43896 | D:15     | Reached skill level 10 in Invocations
 44283 | Elf:3    | Entered Level 3 of the Elven Halls
 44361 | Elf:3    | Learned a level 3 spell: Portal Projectile
 44395 | Elf:3    | Reached XP level 23. HP: 141/194 MP: 30/30
 44531 | Elf:3    | Found Ycvarocu's Assorted Antiques.
 44536 | Elf:3    | Bought a potion of mutation for 256 gold pieces
 44536 | Elf:3    | Bought a sharpened lead wand for 128 gold pieces
 44543 | Elf:3    | Bought a scroll of enchant armour for 240 gold pieces
 44887 | Elf:3    | Reached skill level 15 in Armour
 44930 | Elf:3    | Identified the +9 battleaxe "Gecuon" {vamp, rF+ Int+2
                  | Dex+2}
 45091 | Elf:3    | Reached skill level 15 in Dodging
 45098 | Elf:3    | Identified the +0 cloak "Dyodimust" {rF++ Regen+ Dex+2}
                  | (You found it on level 3 of the Elven Halls)
 45150 | Elf:3    | Got a spiked leather armour
 45155 | Elf:3    | Got a distressingly furry scale mail
 45163 | Elf:3    | Identified Sif Muna's Handbook of Boosting Flight
 45503 | Elf:3    | Found Femmej's General Store.
 45509 | Elf:3    | Bought a potion of curing for 48 gold pieces
 45509 | Elf:3    | Bought a scroll of teleportation for 48 gold pieces
 45509 | Elf:3    | Bought a scroll of blinking for 120 gold pieces
 45509 | Elf:3    | Bought a scroll of teleportation for 48 gold pieces
 45703 | Elf:3    | Bought a scroll of identify for 32 gold pieces
 45777 | Orc:2    | Bought 3 scrolls of identify for 96 gold pieces
 45777 | Orc:2    | Bought a scroll of enchant armour for 120 gold pieces
 45777 | Orc:2    | Bought a scroll of enchant weapon for 120 gold pieces
 45777 | Orc:2    | Bought a scroll of magic mapping for 56 gold pieces
 45777 | Orc:2    | Identified the +1 leather armour of Elyvilon's Pride
                  | {Regen+ Slay-2 SInv Stlth-} (You found it on level 3 of the
                  | Elven Halls)
 45778 | Orc:2    | Identified the +1 scale mail of Ifuem {rElec rF+ Int+5
                  | Stlth+} (You found it on level 3 of the Elven Halls)
 46072 | Snake:3  | Got a pair of translucent boots
 46073 | Snake:3  | Identified the +0 pair of boots of Context {-Tele rCorr
                  | Int+3 Dex+2} (You found it on level 3 of the Snake Pit)
 46107 | Snake:3  | Bought an uncursed ring of positive energy for 280 gold
                  | pieces
 46607 | Crypt:1  | Entered Level 1 of the Crypt
 46802 | Crypt:1  | Paralysed by something for 7 turns
 46806 | Crypt:1  | HP: 8/194 [something (18)]
 46806 | Crypt:1  | HP: 2/194 [jiangshi[a vampire mage] (6)]
 47608 | Depths:1 | Found a one-way gate leading to the halls of Pandemonium.
 48275 | Depths:2 | Noticed a caustic shrike
 48275 | Depths:2 | Noticed a caustic shrike
 48275 | Depths:2 | Noticed a caustic shrike
 48275 | Depths:2 | Noticed a caustic shrike
 48275 | Depths:2 | Noticed a caustic shrike
 48287 | Depths:2 | Killed a caustic shrike
 48287 | Depths:2 | Reached XP level 24. HP: 203/203 MP: 31/32
 48505 | Depths:2 | Identified the +0 ring mail "Konaat" {rF+ rC+ Dex+3} (You
                  | found it on level 2 of the Depths)
 48555 | Depths:2 | Noticed Aizul
 48566 | Depths:2 | Killed Aizul
 49017 | Depths:2 | Identified the Volume of Glacial Boosts
 49031 | Depths:2 | Identified Daug Itt's Volume of Supportive Dark Rites
 49078 | Depths:2 | Found a shimmering blue altar of Sif Muna.
 49139 | Depths:2 | Reached skill level 20 in Fighting
 49186 | Depths:2 | Identified the Grimoire of Creation
 49188 | Depths:2 | Identified the Reference Book on Attacks
 49291 | Depths:2 | Found a one-way gate to the infinite horrors of the Abyss.
 49553 | Depths:2 | Killed a caustic shrike
 49561 | Depths:2 | Killed a caustic shrike
 49567 | Depths:2 | Killed a caustic shrike
 49572 | Depths:2 | Killed a caustic shrike
 50584 | Depths:3 | Found a gateway to a ziggurat.
 50772 | Depths:3 | Noticed the Enchantress
 50800 | Depths:3 | Killed the Enchantress
 50800 | Depths:3 | Reached XP level 25. HP: 212/212 MP: 32/32
 51514 | Depths:3 | Found the +15 Maxwell's patent armour {-Cast -Tele rElec
                  | MR+ rCorr}
 52852 | Abyss:3  | Gained mutation: Your magical capacity is low. (-10% MP) [a
                  | neqoxec]
 52870 | Abyss:3  | Gained mutation: Your flesh is cold resistant. (rC+) [a
                  | neqoxec]
 52957 | Abyss:4  | Reached skill level 21 in Fighting
 52970 | Abyss:4  | Got an abyssal rune of Zot
 53027 | Abyss:5  | Entered Level 5 of the Abyss
 53027 | Abyss:5  | Found a hazy altar of Hepliaklqana.
 53052 | Abyss:5  | Got a faintly glowing shortbow
 53095 | Depths:4 | Escaped the Abyss
 53268 | Depths:4 | Found Akhloex's Armour Emporium.
 53288 | Depths:4 | Found a portal to a secret trove of treasure.
 53511 | Depths:5 | Entered Level 5 of the Depths
 53606 | Depths:5 | Noticed Frederick
 53609 | Depths:5 | Noticed a caustic shrike
 53614 | Depths:5 | Killed Frederick
 53615 | Depths:5 | Noticed a caustic shrike
 53615 | Depths:5 | Noticed a caustic shrike
 53616 | Depths:5 | Noticed a caustic shrike
 53641 | Depths:4 | Killed a caustic shrike
 53644 | Depths:4 | Banished a caustic shrike
 54063 | Crypt:1  | Reached XP level 26. HP: 115/222 MP: 27/29
 54316 | Crypt:1  | Learned a level 3 spell: Spectral Weapon
 54588 | Crypt:1  | Reached skill level 1 in Hexes
 54588 | Crypt:1  | Reached skill level 1 in Charms
 54694 | Crypt:3  | Entered Level 3 of the Crypt
 54935 | Crypt:3  | Identified the +7 shortbow of Sudden Death {freeze, rC- rN+
                  | MR- Str+9} (You found it on level 5 of the Abyss)
 55297 | Crypt:3  | Found a basalt altar of Yredelemnul.
 55570 | Crypt:3  | Identified the +6 morningstar of the Poles {crush, rElec
                  | rF+ rC++ rN+}
 55570 | Crypt:3  | Identified the ring "Nomesih" {rElec rN+}
 55773 | Crypt:3  | Reached skill level 5 in Spellcasting
 55998 | Crypt:3  | Found a staircase to the Tomb.
 56333 | Crypt:3  | Reached skill level 5 in Charms
 56490 | Crypt:3  | Reached skill level 5 in Hexes
 57062 | Zig:1    | Entered Level 1 of a ziggurat
 57085 | Zig:2    | Entered Level 2 of a ziggurat
 57113 | Zig:2    | Learned a level 5 spell: Silence
 57120 | Zig:2    | Learned a level 6 spell: Deflect Missiles
 57130 | Zig:3    | Entered Level 3 of a ziggurat
 57161 | Zig:3    | Reached skill level 1 in Air Magic
 57273 | Zig:4    | Entered Level 4 of a ziggurat
 57280 | Zig:4    | Found the +7 Spriggan's Knife {stab, EV+4 Stlth+}
 57313 | Zig:4    | Identified the cursed +1 robe of the Volcano {SInv} (You
                  | found it on level 4 of a ziggurat)
 57431 | Zig:5    | Entered Level 5 of a ziggurat
 57502 | Zig:6    | Entered Level 6 of a ziggurat
 57509 | Zig:6    | Noticed a Killer Klown
 57509 | Zig:6    | Noticed a Killer Klown
 57510 | Zig:6    | Noticed a Killer Klown
 57514 | Zig:6    | Corrupted Zig:6
 57525 | Zig:6    | Killed a Killer Klown
 57527 | Zig:6    | Killed a Killer Klown
 57532 | Zig:6    | Killed a Killer Klown
 57534 | Zig:6    | Noticed a Killer Klown
 57541 | Zig:6    | Identified the Disquisition on Enthralling Calling
 57896 | Vaults:5 | Entered Level 5 of the Vaults
 58012 | Vaults:5 | Got a slimy helmet
 58013 | Vaults:5 | Identified the cursed +0 helmet "Ommullola" {rF+ Dex+4}
                  | (You found it on level 5 of the Vaults)
 58096 | Vaults:5 | Reached skill level 1 in Translocations
 58199 | Vaults:5 | Reached XP level 27. HP: 163/231 MP: 29/29
 58411 | Vaults:5 | Reached skill level 22 in Fighting
 58509 | Vaults:5 | Reached skill level 5 in Translocations
 58517 | Vaults:5 | Noticed Mennas
 58520 | Vaults:5 | Noticed Margery
 58539 | Vaults:5 | Reached skill level 5 in Air Magic
 58551 | Vaults:5 | Killed Margery
 58710 | Abyss:1  | Noticed an ancient lich
 58847 | Abyss:3  | Found a corrupted altar of Lugonu.
 58904 | Abyss:3  | Got a fine iron ring
 59212 | Vaults:5 | Escaped the Abyss
 59244 | Vaults:5 | Identified the ring "Irphim" {*Tele rC+ Int+2 Dex+2}
 59257 | Vaults:5 | Identified the +1 robe "Fuazxij" {Slay+3} (You found it on
                  | level 5 of the Vaults)
 59258 | Vaults:5 | Identified the ring "Cuiculid" {*Tele *Corrode +Blink +Fly
                  | rC-} (You found it on level 3 of the Abyss)
 59624 | Vaults:5 | Learned a level 1 spell: Apportation
 59633 | Vaults:5 | Learned a level 8 spell: Controlled Blink
 59685 | Vaults:5 | Identified the Reference Book on Displaced Good Luck
 59720 | Vaults:5 | Identified the ring "Garagur" {+Fly rC- AC+2 Int+6}
 59721 | Vaults:5 | Identified the cursed +1 flail of Responsibility {flame,
                  | rPois rN+ Str-3}
 59855 | Vaults:5 | Identified the Reference Book on Contamination and
                  | Confrontation
 60161 | Vaults:5 | Reached skill level 10 in Translocations
 60230 | Vaults:5 | Killed Mennas
 60232 | Vaults:5 | Identified the +5 falchion "Kanai" {pain, rC- Str-4 Dex+8}
 60725 | Vaults:5 | Got a silver rune of Zot
 61407 | Depths:5 | Reached skill level 10 in Spellcasting
 61995 | Depths:5 | Found a gate to the Realm of Zot.
 62072 | Zot:1    | Entered Level 1 of the Realm of Zot
 62169 | Zot:1    | Reached skill level 23 in Fighting
 63186 | Zot:2    | You fall into a shaft and drop 1 floor!
 63413 | Zot:5    | Entered Level 5 of the Realm of Zot
 65215 | Zot:3    | Reached skill level 10 in Charms
 65641 | Abyss:1  | Found a stormy altar of Qazlal.
 65999 | Zot:2    | Escaped the Abyss
 66439 | Slime:1  | Entered Level 1 of the Pits of Slime
 66535 | Slime:3  | Gained mutation: You are occasionally teleported next to
                  | monsters. [a shining eye]
 66573 | Slime:3  | Reached skill level 24 in Fighting
 66607 | Slime:5  | Entered Level 5 of the Pits of Slime
 66608 | Slime:5  | Lost mutation: Your magical capacity is low. (-10% MP)
                  | [potion of mutation]
 66608 | Slime:5  | Lost mutation: You are occasionally teleported next to
                  | monsters. [potion of mutation]
 66608 | Slime:5  | Gained mutation: Armour fits poorly on your strangely
                  | shaped body. [potion of mutation]
 66608 | Slime:5  | Gained mutation: Your flesh is very cold resistant. (rC++)
                  | [potion of mutation]
 66858 | Slime:5  | Noticed the Royal Jelly
 66861 | Slime:5  | Gained mutation: You are covered in fur. (AC +1) [a shining
                  | eye]
 66882 | Slime:5  | Found a viscous altar of Jiyva.
 66887 | Slime:5  | Found the -2 hat of the Alchemist {rElec rPois rF+ rC+ rN+
                  | MR+ rMut rCorr}
 67028 | Slime:5  | Killed the Royal Jelly
 67168 | Slime:5  | Got a slimy rune of Zot
 67239 | Slime:5  | Got a vibrating brass ring
 67240 | Slime:5  | Identified the ring "Buocruisu" {Str+4 Int+3 SInv} (You
                  | found it on level 5 of the Pits of Slime)
 67435 | Slime:5  | Identified the +8 plate armour "Qyihob" {rN+ Dex+5} (You
                  | found it on level 5 of the Pits of Slime)
 67470 | Slime:5  | Identified the +3 leather armour of Panentheism {Dex+6}
                  | (You found it on level 5 of the Pits of Slime)
 67917 | Depths:4 | You showed the slimy rune of Zot to enter a treasure trove
 67918 | Trove    | Entered a treasure trove
 68414 | Zot:5    | Reached skill level 1 in Evocations
 68422 | Zot:5    | Reached skill level 1 in Axes
 68599 | Zot:5    | Noticed an ancient lich
 68619 | Zot:5    | Killed an ancient lich
 68641 | Zot:5    | Reached skill level 5 in Axes
 68788 | Zot:5    | Noticed an orb of fire
 68825 | Zot:5    | Gained mutation: You are clumsy. (Dex -2) [an orb of fire]
 68840 | Zot:5    | Killed an orb of fire
 68875 | Zot:5    | Noticed an orb of fire
 68883 | Zot:5    | Corrupted Zot:5
 68890 | Zot:5    | Killed an orb of fire
 68926 | Zot:5    | Killed an ancient lich
 68934 | Zot:5    | Noticed an ancient lich
 68950 | Zot:5    | Noticed an ancient lich
 68958 | Zot:5    | Killed an ancient lich
 68974 | Zot:5    | Killed an ancient lich
 69015 | Zot:5    | Reached skill level 10 in Axes
 69222 | Zot:5    | Got the Orb of Zot
 69291 | Zot:4    | Noticed Fesa Ekomi the pandemonium lord
 69758 | D:9      | Noticed Ryreotwy the pandemonium lord
 70035 | D:$      | Escaped with the Orb!

Levels and vault maps discovered:
D:1:      minmay_arrival_stair_chambers, layout_basic,
          chequers_serial_rivers_micro_a
D:2:      layout_basic, first_ration, minmay_rat_gold_closets
D:3:      layout_loops_corners, uniq_robin, uniq_grinder
D:4:      layout_basic, nicolae_overflow_crystal_walls, uniq_ijyb, uniq_menkaure
D:5:      layout_rooms, minmay_hedge_maze,
          minmay_guarded_unrand_staff_of_olgreb, uniq_blork_the_orc,
          uniq_sigmund
D:6:      layout_cave_pools, minmay_temple_entry_mist, kennysheep_another_room
D:7:      layout_cave_pools, lemuel_zombie_altar_kikubaaqudgha, grunt_ogre_cave,
          bloody_makhleb, uniq_pikel
D:8:      layout_loops_ring, overflow_temple_1_default,
          grunt_temple_overflow_open, enter_bailey_8, moated_statue
D:9:      layout_layer_cave, marbit_many_paths
D:10:     layout_loops_cross, david_lair_generic, hiddenorc1_lemuel,
          uniq_maurice
D:11:     layout_roguey, minmay_bent, uniq_psyche
D:12:     cheibrodos_magma_flow, layout_loops_corners, kennysheep_generic_room_5
D:13:     layout_loops_ring, erik_vaults_1, serial_shops,
          nicolae_shop_waterfront, shop_statue, nicolae_shop_stone,
          nicolae_shop_statue_plus
D:14:     layout_roguey, ploomutoo_gammafunk_ghost_potion_laboratory,
          minmay_misc_feat_rows, kennysheep_generic_room_6
D:15:     gammafunk_enter_depths_forms, layout_irregular_city,
          gammafunk_ghost_necromancy, basic_altar, uniq_josephine
Lair:1:   layout_cave_pods, gammafunk_ghost_arena
Lair:2:   layout_cave_pods, grunt_megastairs_5, lemuel_fruit_tree
Lair:3:   layout_misc_corridors, pond, grunt_megastairs_2,
          infiniplex_staircase_pool, uniq_urug, uniq_gastronok
Lair:4:   beast_lair_carwin_large_1, layout_cave_pods, swamp_mist_pool
Lair:5:   layout_regular_city, dpeg_slime_entry_enclosed_altar,
          chequers_serial_rivers_small_a, infiniplex_staircase_pool_2
Lair:6:   grunt_lair_end_beastmaster, layout_regular_city,
          grunt_forest_large_clearing_hut
Swamp:1:  layout_basic_swamp, evilmike_swamp_ruin_rubble_2
Swamp:2:  layout_basic_swamp, serial_swamp_ruin, evilmike_swamp_ruin_house_5,
          evilmike_swamp_ruin_house_2, swamp_pool2
Swamp:3:  layout_falls_marsh, evilmike_swamp_ruin_house_1
Swamp:4:  swamp_icy, layout_basic_swamp, uniq_roxanne, uniq_donald
Snake:1:  layout_honeycomb
Snake:2:  cheibrodos_toxic_ritual, layout_cave_shapes, st_stairs_9
Snake:3:  layout_onion_interference, ebering_ghost_gozag, serial_bayou_shore_b,
          minmay_shop_grove, uniq_saint_roka, uniq_asterion
Snake:4:  minmay_snake_end_coiled, layout_cave_shapes, ebering_ghost_xom,
          serial_bayou_pond_e, serial_bayou_shore_b
Slime:1:  layout_caves, basic_altar
Slime:2:  layout_caves
Slime:3:  layout_caves, nicolae_slime_phagocytosis
Slime:4:  layout_caves
Slime:5
Orc:1:    layout_caves, basic_altar, roderic_batcave, trog_book
Orc:2:    st_orc_town, layout_caves, guppyfry_library_mini
Elf:1:    eino_elf_arrival_sip, layout_rooms, minmay_elf_annihilation,
          uniq_azrael
Elf:2:    layout_geoelf_octagon, uniq_nikola
Elf:3:    minmay_elf_hall_spiked, layout_gridlike, serial_shops,
          nicolae_shop_statue_plus, nicolae_shop_trees
Vaults:1: v_misc_30, grunt_vaults_bifocal, v_pattern_5,
          nicolae_vaults_shelves_hall, v_rooms_3, vaults_mumra_hex,
          ontoclasm_vaults_shuriken, v_misc_15, v_misc_25, vaults_room_pools,
          nicolae_vaults_little_squares_3, vaults_room_pools,
          layout_vaults_chaotic_city, serial_shops, shop
Vaults:2: nicolae_vaults_triangles, minmay_crypt_entry_necro_gods, v_misc_10,
          v_alt_pattern_6, ontoclasm_vaults_eye,
          nicolae_vaults_network_quinsquares
          [nicolae_vaults_network_quincunx_subvault,
          nicolae_vaults_network_quincunx_subvault,
          nicolae_vaults_network_quincunx_subvault,
          nicolae_vaults_network_quincunx_subvault],
          nicolae_vaults_little_squares_4, nicolae_vaults_specimen_jars,
          v_alt_pattern_5, vaults_room_hallway,
          ontoclasm_vaults_decontamination, nicolae_vaults_angled_halls,
          layout_vaults_omnibox, serial_shops, shop
Vaults:3: v_misc_10, nicolae_vaults_network_square, layout_vaults_omnigrid,
          serial_shops, shop_fountains
Vaults:4: v_misc_15, nicolae_vaults_three_branches, nicolae_vaults_network_star,
          nicolae_vaults_ninety_degrees, v_misc_12, hangedman_vaults_pinch,
          vaults_room_pool, v_alt_pattern_1, v_misc_25, v_misc_30,
          vaults_room_large_hall, v_alt_pattern_4, ontoclasm_vaults_idyll,
          nicolae_vaults_shelves_hall, ontoclasm_vaults_gateway,
          layout_vaults_maze_bifur
Vaults:5: serial_shops, uniq_mennas, uniq_margery
Crypt:1:  layout_rooms
Crypt:2:  layout_gridlike, ebering_ghost_disaster_area,
          minmay_misc_feat_ornament, minivault_19,
          nrook_guardian_serpent_ordinary, lemuel_elevator
Crypt:3:  evilmike_haunted_forest
Depths:1: layout_honeycomb, rand_demon_pan_entry_8, hell_entry,
          okawaru_ov_weapons_minmay, drop_trap, grunt_decor_cap,
          grunt_ministairs_14, nrook_kobold_shadow_demons
Depths:2: evilmike_library_of_no_secrets, layout_gridville, hellmouth_1,
          abyss_entry, chequers_serial_rivers_small_3,
          infiniplex_staircase_door_maze, uniq_aizul
Depths:3: grunt_forest_end_winery, layout_cross, enter_ziggurat_d, hell_entry,
          rand_demon_pan_entry_5, drop_trap
Depths:4: minmay_spriggan_fort, layout_cave_shapes, grunt_pan_entry_zigzag,
          nrook_mini_vaults, abyss_entry, pf_coc_iceberg, enter_trove_0,
          serial_shops, shop, hangedman_abyss_or_decor_stabs,
          skrybe_limestone_x, minmay_staircase_statues
Depths:5: grunt_zot_entry_bicorn, layout_cave_pools, grunt_metal_band,
          pan_entry, minmay_strange_pillars, uniq_frederick
Zot:1:    layout_basic
Zot:2:    layout_twisted_circle
Zot:3:    layout_cathedral_of_symmetry
Zot:4:    layout_misc_corridors
Zot:5:    layout_misc_corridors

Skill      XL: |  1  2  3  4  5  6  7  8  9 10 11 12 13 14 15 16 17 18 19 20 21 22 23 24 25 26 27 |
---------------+----------------------------------------------------------------------------------+-----
Fighting       | 7 9 10 11 12 13 14 15 16 17 18 19 20 21 24 | 24.2
Polearms       | 6 9 10 11 12 13 14 15 17 19 20 | 20.0
Dodging        | 2 4 5 8 10 11 13 14 15 16 17 | 17.7
Armour         | 3 4 5 8 11 13 14 15 16 17 18 | 18.1
Invocations    | 4 7 10 12 13 | 13.0
Necromancy     | 8 12 | 12.0
Shields        | 5 8 |  8.0
Spellcasting   | 2 6 13 | 13.4
Hexes          | 5 |  5.0
Charms         | 6 11 | 11.0
Air Magic      | 3 9 |  9.7
Translocations | 2 12 | 12.6
Evocations     | 1 |  1.2
Axes           | 12 | 12.9

Action                   |  1- 3 |  4- 6 |  7- 9 | 10-12 | 13-15 | 16-18 | 19-21 | 22-24 | 25-27 || total
-------------------------+-------+-------+-------+-------+-------+-------+-------+-------+-------++-------
Melee: Spear             |    24 |   231 |   320 |       |       |       |       |       |       ||   575
       Halberd           |       |       |    21 |    73 |       |       |       |       |       ||    94
       Glaive            |       |       |       |   373 |   938 |   848 |   614 |       |       ||  2773
       Trident           |       |       |       |       |    40 |    14 |       |       |       ||    54
       War axe           |       |       |       |       |       |     4 |    12 |       |       ||    16
       Demon trident     |       |       |       |       |       |       |  1044 |  1556 |  3647 ||  6247
Throw: Dart              |       |     4 |     9 |     3 |       |     1 |     3 |       |       ||    20
       Throwing net      |       |       |       |       |       |     4 |       |       |       ||     4
 Cast: Regeneration      |       |       |       |       |       |       |     7 |    13 |    70 ||    90
       Confusing Touch   |       |       |       |       |       |       |       |     2 |     2 ||     4
       Blink             |       |       |       |       |       |       |       |     2 |     2 ||     4
       Spectral Weapon   |       |       |       |       |       |       |       |       |   110 ||   110
       Deflect Missiles  |       |       |       |       |       |       |       |       |     5 ||     5
       Silence           |       |       |       |       |       |       |       |       |     2 ||     2
Invok: Depart the Abyss  |     1 |       |       |       |       |       |       |       |     1 ||     2
       Brand Weapon With |       |       |       |       |       |     1 |       |       |       ||     1
       Banish            |       |       |       |       |       |       |     5 |     1 |     8 ||    14
       Corrupt           |       |       |       |       |       |       |     2 |       |     2 ||     4
       Bend Space        |       |       |       |       |       |       |     1 |     1 |     2 ||     4
       Enter the Abyss   |       |       |       |       |       |       |     1 |       |     3 ||     4
Evoke: Wand              |       |       |     5 |    23 |    36 |    14 |    12 |    13 |    27 ||   130
       Lamp of fire      |       |       |       |       |       |     4 |     4 |     4 |     6 ||    18
       Phantom mirror    |       |       |       |       |       |       |     1 |       |     2 ||     3
  Use: Scroll            |     3 |     6 |     9 |     9 |    10 |    16 |    30 |    23 |    35 ||   141
       Potion            |     2 |     2 |     2 |     3 |    16 |    10 |    13 |    17 |    25 ||    90
 Stab: Paralysed         |       |       |       |     9 |       |       |       |       |       ||     9
       Invisible         |       |       |       |     1 |       |       |    14 |       |     8 ||    23
       Distracted        |       |       |       |       |     1 |       |     1 |     2 |    38 ||    42
       Confused          |       |       |       |       |     3 |       |     2 |     2 |     1 ||     8
       Held in net/web   |       |       |       |       |       |     4 |       |       |       ||     4
       Sleeping          |       |       |       |       |       |       |       |       |     1 ||     1
  Eat: Chunk             |       |     6 |     3 |    10 |    15 |     4 |    18 |    11 |    17 ||    84
       Ration            |       |       |     2 |     1 |     5 |     8 |     7 |     8 |    19 ||    50
Armor: Leather armour    |     2 |     4 |       |       |       |       |       |       |       ||     6
       Ring mail         |       |    35 |    74 |   151 |   434 |   281 |   336 |   223 |   423 ||  1957
       Plate armour      |       |       |       |       |       |       |       |       |    99 ||    99
Dodge: Dodged            |     8 |    54 |    82 |   214 |   509 |   409 |   870 |   605 |  1778 ||  4529
       Deflected         |       |       |       |       |       |       |       |       |    28 ||    28
Block: Buckler           |       |       |       |       |       |       |   188 |   434 |  1286 ||  1908
       Reflection        |       |       |       |       |       |       |       |       |    22 ||    22
